 Dungeon Crawl Stone Soup version 0.24.0-10-g970556be89 (webtiles) character file.

Game seed: 6278431118860578405, levelgen mode: deterministic

726 Arixos the Skirmisher (level 7, -1/57 HPs)
             Began as a Demonspawn Monk on Nov 4, 2019.
             Slain by a yak (6 damage)
             ... on level 4 of the Dungeon.
             The game lasted 00:14:51 (5053 turns).

Arixos the Skirmisher (Demonspawn Monk)             Turns: 5053, Time: 00:14:52

Health: -1/57      AC: 18    Str: 11 (13) XL:     7   Next: 44%
Magic:  7/7        EV:  7    Int:  8 (11) God:
Gold:   162        SH:  0    Dex: 15 (16) Spells: 6/6 levels left

rFire    + . .     SeeInvis .   a - +1 mace (protect)
rCold    . . .     Gourm    .   (no shield)
rNeg     . . .     Faith    .   n - +1 chain mail
rPois    .         Spirit   .   r - +0 hat
rElec    .         Reflect  .   (no cloak)
rCorr    .         Harm     .   (no gloves)
MR       .....                  e - +0 pair of boots
Stlth    ..........             (no amulet)
HPRegen  0.19/turn              q - ring of wizardry
MPRegen  0.10/turn              (no ring)

@: protection aura
A: hooves 1, fire resistance 1, flame cloud immunity
a: no special abilities


You were on level 4 of the Dungeon.
You were not hungry.

You visited 1 branch of the dungeon, and saw 5 of its levels.

You collected 162 gold pieces.

Inventory:

Hand Weapons
 a - a +1 mace of protection (weapon)
 b - a +3 dagger
Missiles
 p - 18 poisoned darts (quivered)
Armour
 d - a +0 shield
 e - a +0 pair of boots (worn)
 h - a +0 ring mail
 n - a +1 chain mail (worn)
 r - a +0 hat (worn)
Jewellery
 q - a ring of wizardry (left hand)
Scrolls
 f - 3 scrolls of teleportation
 g - a scroll of amnesia
 j - 3 scrolls of identify
 l - a scroll of fog {unknown}
 o - a scroll of immolation {unknown}
 s - a scroll of noise {unknown}
Potions
 k - a potion of brilliance
Comestibles
 c - 9 rations


   Skills:
 + Level 5.6 Fighting
   Level 2.6 Long Blades
 + Level 4.1 Armour
 + Level 5.0 Dodging
 - Level 1.7 Stealth


You had 6 spell levels left.
You didn't know any spells.
Your spell library contained the following spells:

 Spells                   Type           Power        Failure   Level  Hunger
 Beastly Appendage        Tmut           #.....       99%         1    ##.....
 Sticks to Snakes         Tmut           #.......     100%        2    ###....
 Spider Form              Tmut/Pois      #.........   100%        3    ####...
 Ice Form                 Ice/Tmut       #.......     100%        4    #####..
 Blade Hands              Tmut           #.........   100%        5    ######.


Dungeon Overview and Level Annotations

Branches:
Dungeon (5/15)
 Temple: D:4-7

Altars:
Ashenzari
Fedhas
Kikubaaqudgha
Uskayaw
Vehumet
Yredelemnul


Innate Abilities, Weirdness & Mutations

You have large cloven feet.
Your flesh is heat resistant. (rF+)
You are immune to clouds of flame.


Message History

The yak is heavily wounded.
The yak gores you.
* * * LOW HITPOINT WARNING * * *
You hit the yak.
The yak is severely wounded.
The yak gores you but does no damage.
You hit the yak.
The yak is severely wounded.
The yak barely misses you. The yak gores you but does no damage.
You hit the yak.
The yak is almost dead.
The yak gores you.
* * * LOW HITPOINT WARNING * * *
You hit the yak.
The yak is almost dead.
The yak gores you but does no damage. The yak barely misses you.
Your chain mail prevents you from hitting the yak.
The yak is almost dead.
The yak gores you.
You die...

#.......## #.....### #....##
#### #...## ###... #...#
#############.[... #...#
##................[ #...#
#.................. #...#
#..Y..############# #..รท#
#.@.### #...# ##.(.# #...#
#..(.### #...# #......#####
#...## #......<...###
##....####...)........###
##.............#####.....#####
##............(## ###.....#..
#.............(## ##.[.....


You could see a yak.

Vanquished Creatures
  A yak (D:4)
  2 phantoms (D:3)
  A centaur (D:4)
  3 orc wizards
  Natasha (thrice) (D:2)
  A worker ant (D:5)
  A worker ant zombie (D:5)
  7 adders
  A worm (D:3)
  2 dart slugs
  7 orcs
  2 ball pythons (D:3)
  7 giant cockroaches
  8 goblins
  9 hobgoblins
  A quokka (D:2)
  4 bats
  4 frilled lizards
  6 kobolds
  9 rats
79 creatures vanquished.

Notes
Turn   | Place    | Note
-------+----------+-------------------------------------------
     0 | D:1      | Arixos the Demonspawn Monk began the quest for the Orb.
     0 | D:1      | Reached XP level 1. HP: 18/18 MP: 1/1
   381 | D:1      | Gained mutation: You have large cloven feet. [demonic
                  | ancestry]
   381 | D:1      | Reached XP level 2. HP: 24/24 MP: 2/2
   631 | D:1      | Reached skill level 1 in Armour
   715 | D:2      | Gained mutation: Your flesh is heat resistant. (rF+)
                  | [demonic ancestry]
   715 | D:2      | Reached XP level 3. HP: 23/29 MP: 3/3
  1174 | D:2      | Noticed Natasha
  1182 | D:2      | Killed Natasha
  1182 | D:2      | Gained mutation: You are immune to clouds of flame.
                  | [demonic ancestry]
  1182 | D:2      | Reached XP level 4. HP: 27/37 MP: 4/4
  1560 | D:2      | Noticed Natasha
  1570 | D:2      | Killed Natasha
  1979 | D:2      | Noticed Natasha
  2001 | D:2      | Killed Natasha
  2274 | D:3      | Reached XP level 5. HP: 40/42 MP: 5/5
  3340 | D:4      | Noticed a phantom
  3685 | D:4      | Noticed a centaur
  3694 | D:5      | Entered Level 5 of the Dungeon
  3694 | D:5      | Found a blossoming altar of Fedhas.
  3694 | D:5      | Found a shattered altar of Ashenzari.
  3694 | D:5      | Found a basalt altar of Yredelemnul.
  3694 | D:5      | Found a hide-covered altar of Uskayaw.
  3694 | D:5      | Found a radiant altar of Vehumet.
  3699 | D:5      | Found an ancient bone altar of Kikubaaqudgha.
  3796 | D:5      | Reached XP level 6. HP: 47/49 MP: 6/6
  3802 | D:5      | Noticed a yak
  3802 | D:5      | Noticed a yak
  3802 | D:5      | Noticed a yak
  3805 | D:5      | Noticed a yak
  4039 | D:4      | Reached skill level 5 in Fighting
  4320 | D:3      | Reached XP level 7. HP: 46/56 MP: 7/7
  4759 | D:5      | Noticed a yak
  4775 | D:4      | Killed a yak
  4775 | D:4      | Reached skill level 5 in Dodging
  5053 | D:4      | Slain by a yak

Levels and vault maps discovered:
D:1:      lightli_arrival_boilingwater, layout_rooms
D:2:      minmay_spotlight, layout_basic, uniq_natasha
D:3:      layout_loops_ring
D:4:      layout_layer_cave, first_ration
D:5:      layout_basic, grunt_temple_overflow_open

Skill      XL: |  1  2  3  4  5  6  7 |
---------------+----------------------+-----
Dodging        | 3 4 5 |  5.0
Armour         | 1 2 3 4 |  4.1
Fighting       | 4 5 |  5.6
Long Blades    | |  2.6
Stealth        | |  1.7

Action                   |  1- 3 |  4- 6 |  7- 9 || total
-------------------------+-------+-------+-------++-------
Melee: Falchion          |    81 |       |       ||    81
       Kick              |    26 |     4 |       ||    30
       Mace              |    36 |   256 |    80 ||   372
       Spear             |       |     1 |       ||     1
Throw: Dart              |     1 |       |       ||     1
  Use: Scroll            |       |     7 |       ||     7
       Potion            |       |       |     1 ||     1
 Stab: Sleeping          |     5 |       |       ||     5
  Eat: Chunk             |     1 |    10 |     3 ||    14
Armor: Robe              |     5 |       |       ||     5
       Ring mail         |    20 |       |       ||    20
       Chain mail        |    20 |   205 |    71 ||   296
Dodge: Dodged            |    74 |   140 |    44 ||   258
       Rpst.: Falchion   |    16 |       |       ||    16
